 Dungeon Crawl Stone Soup version 0.25-a0-547-g27a0b5d1ef (webtiles) character file.

Game seed: 3214286058707156211, levelgen mode: deterministic

21606 vurker the Zephyrmancer (level 12, 58/58 HPs)
             Began as a Felid Air Elementalist on Feb 22, 2020.
             Was a High Priest of Vehumet.
             Quit the game on level 1 of the Orcish Mines.
             The game lasted 00:49:27 (38926 turns).

vurker the Zephyrmancer (Felid Air Elementalist)   Turns: 38926, Time: 00:49:27

Health: 58/58      AC:  7    Str:  8    XL:     12   Next: 55%
Magic:  30/30      EV: 27    Int: 20    God:    Vehumet [*****.]
Gold:   2110       SH:  0    Dex: 18    Spells: 18/37 levels left
                                        Lives:  0   Deaths: 2

rFire    . . .     SeeInvis +   (weapon unavailable)
rCold    + + .     Gourm    .   (shield unavailable)
rNeg     . . .     Faith    .   (armour unavailable)
rPois    .         Spirit   .   (helmet unavailable)
rElec    +         Reflect  .   (cloak unavailable)
rCorr    +         Harm     +   (gloves unavailable)
MR       +....                  (boots unavailable)
Stlth    +++++.....             s - amulet of harm
HPRegen  0.19/turn              w - ring of stealth
MPRegen  0.22/turn              y - ring "Teibew" {rElec rCorr Str+4 Stlth+}

@: quick
A: very small, no armour, no weapons or thrown items, stealth, claws 1, fangs 3,
horns 1, slimy green scales 1, thin metallic scales 1, see invisible, carnivore,
cold resistance 1, speed 1, shaggy fur 3, slow metabolism 1, sharp paws
a: Renounce Religion


You were on level 1 of the Orcish Mines.
You worshipped Vehumet.
Vehumet was extremely pleased with you.
You were not hungry.

You visited 4 branches of the dungeon, and saw 20 of its levels.

You collected 2110 gold pieces.

Inventory:

Jewellery
 s - an amulet of harm (around neck)
   (You found it on level 1 of the Lair of Beasts)
 w - a ring of stealth (left paw)
   (You found it on level 2 of the Lair of Beasts)
 y - the ring "Teibew" (right paw) {rElec rCorr Str+4 Stlth+}
   (You found it on level 5 of the Lair of Beasts)

   [ring of resist corrosion]

   It affects your strength (+4).
   It insulates you from electricity.
   It provides partial protection from all sources of acid and corrosion.
   It makes you more stealthy.
Wands
 k - a wand of clouds (1)
   (You found it on level 6 of the Dungeon)
 t - a wand of flame (39)
   (You found it on level 8 of the Dungeon)
 u - a wand of paralysis (5)
   (You found it on level 4 of the Dungeon)
Scrolls
 c - 10 scrolls of teleportation
 j - 3 scrolls of magic mapping
 l - 3 scrolls of amnesia
 n - 2 scrolls of fog
 o - 3 scrolls of immolation
 r - a scroll of identify
 v - a scroll of fear
 z - 11 scrolls of remove curse
Potions
 a - 8 potions of curing
 b - a potion of lignification
 f - 2 potions of invisibility
 g - 5 potions of haste
 h - 3 potions of heal wounds
 i - a potion of flight
 p - a potion of cancellation
 q - 3 potions of brilliance
Miscellaneous
 x - a phantom mirror
Comestibles
 e - 37 rations


   Skills:
 + Level 10.3 Fighting
 + Level 10.6 Dodging
 - Level 2.6 Stealth
 * Level 13.3 Spellcasting
 - Level 8.0 Conjurations
 * Level 13.4 Air Magic
 - Level 3.0 Poison Magic


You had 18 spell levels left.
You knew the following spells:

 Your Spells              Type           Power        Failure   Level  Hunger
a - Shock                 Conj/Air       ####         1%          1    None
b - Lightning Bolt        Conj/Air       ######....   1%          5    ####...
c - Airstrike             Air            ######....   1%          4    None
q - Irradiate             Conj/Tmut      ####......   7%          5    ####...
w - Olgreb's Toxic Radia  Pois           ####....     4%          4    None

Your spell library contained the following spells:

 Spells                   Type           Power        Failure   Level  Hunger
 Ozocubu's Refrigeration  Ice            ##........   85%         6    #####..
 Swiftness                Chrm/Air       #####...     1%          2    None
 Dazzling Flash           Conj/Hex       ####..       1%          3    None
 Static Discharge         Conj/Air       ######..     1%          3    None
 Ignite Poison            Fire/Tmut/Pois ###.....     2%          3    None
 Beastly Appendage        Tmut           ##....       4%          1    None
 Corona                   Hex            ##.....      4%          1    None
 Iskenderun's Battlesphe  Conj/Chrm      ####....     7%          5    ####...
 Ensorcelled Hibernation  Hex/Ice        ##....       8%          2    None
 Passwall                 Tmut/Erth      ##......     8%          2    None
 Sticks to Snakes         Tmut           ##......     8%          2    None
 Sublimation of Blood     Necr           ##........   8%          2    None
 Spider Form              Tmut/Pois      ###.......   8%          3    None
 Bolt of Magma            Conj/Fire/Erth ###.......   12%         5    ####...
 Confusing Touch          Hex            ##......     14%         3    None
 Tukima's Dance           Hex            ##......     14%         3    None
 Lee's Rapid Deconstruct  Erth           ##........   32%         5    ####...
 Iron Shot                Conj/Erth      ####......   34%         6    #####..
 Orb of Destruction       Conj           #####.....   36%         7    #######
 Ice Form                 Ice/Tmut       ##......     43%         4    None
 Passage of Golubria      Tloc           N/A          43%         4    None
 Petrify                  Tmut/Erth      ##......     43%         4    None
 Alistair's Intoxication  Tmut/Pois      ###.....     58%         5    ####...
 Blade Hands              Tmut           ##........   80%         5    ####...
 Spellforged Servitor     Conj/Summ      ####......   86%         7    #######
 Eringya's Noxious Bog    Tmut/Pois      ###.......   99%         6    #####..
 Darkness                 Hex            ##........   100%        6    #####..
 Invisibility             Hex            ##......     100%        6    #####..


Dungeon Overview and Level Annotations

Branches:
Dungeon (11/15)            Temple (1/1) D:7            Lair (6/6) D:9
 Shoals (0/4) Lair:4       Spider (0/4) Lair:4        Slime (0/5) Lair:6
    Orc (2/2) D:11            Elf (0/3) Orc:2

Altars:
Ashenzari
Dithmenos
Elyvilon
Fedhas
Gozag
Hepliaklqana
Kikubaaqudgha
Makhleb
Nemelex Xobeh
Okawaru
Qazlal
Ru
Sif Muna
Trog
Uskayaw
Vehumet
Xom
Yredelemnul
Zin
The Shining One

Shops:
D:9 %   Orc:2 *:

Portals:
Abyss: D:10

Annotations:
D:10 2 transporters, Yraopag's ghost, novice DECj
Lair:1 1 runed translucent door, Koecaec's ghost, novice DEAE
Orc:1 Rupert


Innate Abilities, Weirdness & Mutations

You cannot wear armour.
You are incapable of wielding weapons or throwing items.
Your paws allow you to move quietly. (Stealth)
You have sharp claws.
You have razor-sharp teeth.
You have supernaturally acute eyesight. (SInv)
You are carnivorous and can eat meat at any time.
You cover ground quickly.
Your thick and shaggy fur keeps you warm. (AC +3, rC+)
You have a slow metabolism.
Your sharp claws are effective at attacking unaware monsters.
You have a pair of small horns on your head.
You are partially covered in slimy green scales. (AC +2)
You are partially covered in thin metallic scales. (AC +2)
Your flesh is cold resistant. (rC+)


Message History

d - 2 chunks of flesh
Items here: )) [ ÷÷ a +0 flail; a +0 plate armour; a +0 flail; an orc skeleton x2
Items here: )) [ ÷÷ a +0 flail; a +0 plate armour; a +0 flail; an orc skeleton x2
Eating one of 2 chunks of flesh.
You eat one of the 2 chunks of flesh.
This raw flesh tastes great.
Eating a chunk of flesh.
You eat the chunk of flesh.
This raw flesh tastes great.
Done exploring.
Done exploring.
Done exploring.
Done exploring.
The orc high priest mumbles some strange prayers to Beogh.
Aim: a soul eater (summoned)
The air twists around and violently strikes the soul eater!
Aim: a soul eater (moderately wounded, summoned)
The air twists around and violently strikes the soul eater!!
The soul eater draws from the surrounding life force!
The soul eater is healed.
Aim: a soul eater (moderately wounded, summoned)
The air twists around and violently strikes the soul eater.
Aim: a soul eater (heavily wounded, summoned)
The air twists around and violently strikes the soul eater!
The soul eater draws from the surrounding life force!
The soul eater is healed.
The orc high priest hits you with a +0 short sword.
Aim: a soul eater (heavily wounded, summoned)
The air twists around and violently strikes the soul eater!
The soul eater completely misses you.
The orc high priest invokes the aid of Beogh against you.
Beogh smites you!
* * * LOW HITPOINT WARNING * * *
Unknown command.
Aim: a soul eater (almost dead, summoned)
You hear a mighty clap of thunder!
The bolt of lightning misses the soul eater.
Aim: a soul eater (almost dead, summoned)
You hear a mighty clap of thunder!
The bolt of lightning misses the soul eater.
The orc high priest intones a terrible prayer.
The orc high priest hits you with a +0 short sword.
* * * LOW HITPOINT WARNING * * *
The soul eater barely misses you.
You don't have enough magic to cast that spell.
The soul eater draws from the surrounding life force!
You die...
The soul eater is healed.
You are now level 12!
You rejoin the land of the living...

#...####.........###....###
##.## #........###.#....#
### ##........##......##
#..........#.......#
###.................##
##...........##......##
#..........#..........##
###.......>..........#...#
###..#.#...@.......#..###.##
##.....#................####
#...................#....#
##.#.................##.##
#####..............#####
#..............#.####
##...#............#.##
##.###..............#
#...###..#.......#.##


There were no monsters in sight!

Vanquished Creatures
  An orc warlord (Orc:1)
  Snorg (D:11)
  3 catoblepae (Lair:6)
  9 hydras
  12 death yaks
  Sonja (D:11)
  An unseen horror (D:10)
  4 orc knights (Orc:1)
  2 orc sorcerers
  3 oklob plants (Lair:4)
  2 manticores (Lair:6)
  2 cyclopes (D:11)
  A centaur zombie (D:11)
  8 elephants
  A torpor snail (Lair:5)
  15 spiny frogs
  3 rime drakes
  6 komodo dragons
  A polar bear (Lair:4)
  4 trolls
  A snapping turtle (Lair:4)
  6 hippogriffs
  15 blink frogs
  A vampire (D:11)
  A tarantella (Lair:4)
  4 hogs (D:7)
  6 fire bats (Lair:6)
  44 yaks
  A wyvern (D:8)
  2 basilisks
  A human (D:7)
  2 hungry ghosts
  5 wargs
  16 water moccasins
  A soldier ant (D:10)
  3 porcupines
  A black bear (D:6)
  30 orc warriors
  4 phantoms
  An ice beast (D:8)
  8 ogres
  3 eyes of draining
  A sky beast (D:8)
  3 wolves (Lair:4)
  8 crocodiles
  6 centaurs
  A big kobold (D:9)
  14 bullfrogs
  2 scorpions
  8 wights
  5 howler monkeys
  2 electric eels
  9 crimson imps
  A bullfrog zombie (D:11)
  A quasit (D:11)
  6 hounds
  7 jellies
  13 orc priests
  5 worker ants
  10 iguanas
  19 orc wizards
  9 hell rats (Lair:2)
  2 howler monkey zombies
  2 worker ant zombies
  9 gnolls
  12 adders
  11 river rats (Lair:2)
  2 oozes (D:2)
  An adder skeleton (D:8)
  3 worms
  4 dart slugs
  10 leopard geckos
  49 orcs
  7 giant cockroaches
  7 hobgoblins
  14 jackals
  12 quokkas
  10 bats
  4 frilled lizards
  7 goblins
  A jackal zombie (D:7)
  8 kobolds
  21 rats
  A plant (Lair:4)
563 creatures vanquished.

Vanquished Creatures (others)
  An orc (D:5)
  16 fungi
  9 plants (Lair:6)
26 creatures vanquished.

Grand Total: 589 creatures vanquished

Notes
Turn   | Place    | Note
-------+----------+-------------------------------------------
     0 | D:1      | vurker the Felid Air Elementalist began the quest for the
                  | Orb.
     0 | D:1      | Reached XP level 1. HP: 7/7 MP: 4/4
   127 | D:1      | Reached skill level 1 in Conjurations
   271 | D:1      | Reached XP level 2. HP: 1/12 MP: 0/6
  1011 | D:1      | Reached XP level 3. HP: 15/15 MP: 0/7
  1605 | D:1      | Found a glowing golden altar of the Shining One.
  1962 | D:2      | Reached skill level 1 in Fighting
  2522 | D:2      | Reached XP level 4. HP: 10/19 MP: 0/9
  3461 | D:3      | Noticed a bullfrog
  3471 | D:2      | Killed a bullfrog
  3471 | D:2      | Reached XP level 5. HP: 7/22 MP: 2/11
  4091 | D:3      | Learned a level 5 spell: Lightning Bolt
  4096 | D:3      | Learned a level 4 spell: Airstrike
  4998 | D:4      | Noticed a phantom
  5389 | D:4      | Gained mutation: You are covered in thick fur. (AC +2)
                  | [Felid growth]
  5389 | D:4      | Reached XP level 6. HP: 10/26 MP: 7/12
  5614 | D:4      | Found a shimmering altar of Xom.
  6086 | D:4      | Reached XP level 7. HP: 25/30 MP: 5/14
  6502 | D:4      | Reached skill level 5 in Air Magic
  6789 | D:5      | Entered Level 5 of the Dungeon
  7238 | D:5      | Reached skill level 5 in Spellcasting
  7569 | D:5      | Reached XP level 8. HP: 18/34 MP: 2/16
  9629 | D:7      | Reached XP level 9. HP: 39/39 MP: 2/19
 10362 | D:7      | Found a staircase to the Ecumenical Temple.
 10416 | Temple   | Entered the Ecumenical Temple
 10424 | Temple   | Became a worshipper of Vehumet
 10675 | D:7      | Reached skill level 5 in Fighting
 11147 | D:7      | Reached skill level 5 in Conjurations
 11309 | D:7      | Found a staircase to the Ecumenical Temple.
 12427 | D:8      | Reached * piety under Vehumet
 12427 | D:8      | Offered knowledge of Sandblast by Vehumet.
 12427 | D:8      | Reached XP level 10. HP: 21/45 MP: 0/23
 13475 | D:9      | Found a staircase to the Lair.
 13638 | D:9      | Found Xojiuz's Food Emporium.
 13653 | D:9      | Found a shadowy altar of Dithmenos.
 13653 | D:9      | Found a stormy altar of Qazlal.
 13657 | D:9      | Found an iron altar of Okawaru.
 13657 | D:9      | Found a burning altar of Makhleb.
 14279 | D:9      | Found a bloodstained altar of Trog.
 14791 | D:10     | Entered Level 10 of the Dungeon
 14791 | D:10     | Noticed an unseen horror
 14794 | D:10     | Killed an unseen horror
 15550 | D:10     | Found a transporter.
 15555 | D:10     | Found a one-way gate to the infinite horrors of the Abyss.
 15555 | D:10     | Identified the +7 morningstar of the Evil Eye {distort,
                  | Str+2 Int+4}
 15555 | D:10     | Noticed Yraopag's ghost (novice DECj)
 15556 | D:10     | Noticed a rust devil
 15557 | D:10     | Found a transporter.
 15557 | D:10     | Noticed a rakshasa
 15558 | D:10     | Noticed a sixfirhy
 15673 | D:10     | Noticed a purple ugly thing
 15673 | D:10     | Noticed a manticore
 15771 | D:11     | Noticed a five-headed hydra
 16096 | D:11     | Noticed Sonja
 16096 | D:11     | Noticed a cyclops
 16439 | D:11     | Killed a five-headed hydra
 16704 | D:11     | Noticed a cyclops
 16710 | D:11     | Killed a cyclops
 16710 | D:11     | Reached XP level 11. HP: 37/49 MP: 5/25
 17029 | D:11     | Found a blossoming altar of Fedhas.
 17183 | D:11     | Noticed Snorg
 17191 | D:11     | Killed Snorg
 17425 | D:11     | Reached ** piety under Vehumet
 17425 | D:11     | Offered knowledge of Searing Ray by Vehumet.
 17564 | D:11     | Noticed a five-headed hydra
 17569 | D:11     | Killed a five-headed hydra
 18560 | D:11     | Found a staircase to the Orcish Mines.
 18629 | D:11     | Killed Sonja
 18629 | D:11     | Reached skill level 10 in Air Magic
 19000 | D:11     | Reached skill level 10 in Spellcasting
 19201 | Lair:1   | Entered Level 1 of the Lair of Beasts
 19301 | Lair:1   | Found a runed translucent door.
 19302 | Lair:1   | Noticed Koecaec's ghost (novice DEAE)
 19340 | Lair:1   | Noticed a five-headed hydra
 19345 | Lair:1   | Killed a five-headed hydra
 19490 | D:9      | Reached skill level 5 in Dodging
 19856 | Lair:1   | Offered knowledge of Mephitic Cloud by Vehumet.
 21086 | Lair:2   | Gained mutation: Your thick and shaggy fur keeps you warm.
                  | (AC +3, rC+) [Felid growth]
 21086 | Lair:2   | Reached XP level 12. HP: 55/55 MP: 16/27
 21489 | Lair:2   | Found a white marble altar of Elyvilon.
 21559 | Lair:2   | Noticed an eight-headed hydra
 21562 | Lair:2   | Killed an eight-headed hydra
 21566 | Lair:2   | Reached *** piety under Vehumet
 22428 | Lair:2   | Offered knowledge of Olgreb's Toxic Radiance by Vehumet.
 22959 | Lair:2   | Learned a level 4 spell: Olgreb's Toxic Radiance
 23119 | Lair:3   | Reached **** piety under Vehumet
 24476 | Lair:3   | Noticed an eight-headed hydra
 25208 | Lair:4   | Noticed an eight-headed hydra
 25212 | Lair:4   | Killed an eight-headed hydra
 25253 | Lair:4   | Offered knowledge of Yara's Violent Unravelling by Vehumet.
 25299 | Lair:4   | Noticed an eight-headed hydra
 25309 | Lair:4   | Killed an eight-headed hydra
 26432 | Lair:3   | Killed an eight-headed hydra
 26432 | Lair:3   | Reached XP level 13. HP: 60/60 MP: 16/29
 27557 | Lair:4   | Found a hole to the Spider Nest.
 27867 | Lair:4   | Found a staircase to the Shoals.
 28817 | Lair:5   | You fall into a shaft and drop 1 floor!
 28817 | Lair:6   | Entered Level 6 of the Lair of Beasts
 28884 | Lair:6   | Found a staircase to the Slime Pits.
 29282 | Lair:5   | Got a smoking steel ring
 29287 | Lair:5   | Identified the ring "Teibew" {rElec rCorr Str+4 Stlth+}
                  | (You found it on level 5 of the Lair of Beasts)
 29962 | Lair:5   | Reached skill level 1 in Poison Magic
 32654 | Lair:6   | Reached ***** piety under Vehumet
 32654 | Lair:6   | Offered knowledge of Ozocubu's Refrigeration by Vehumet.
 33192 | Lair:6   | Reached XP level 14. HP: 65/65 MP: 7/31
 34619 | Lair:6   | Reached skill level 10 in Fighting
 34619 | Lair:6   | Reached skill level 10 in Dodging
 35336 | Orc:1    | Entered Level 1 of the Orcish Mines
 35487 | Orc:1    | Learned a level 5 spell: Irradiate
 36610 | Orc:2    | Entered Level 2 of the Orcish Mines
 36643 | Orc:2    | Noticed an orc warlord
 36761 | Orc:2    | Found a staircase to the Elven Halls.
 37704 | Orc:2    | Found Jisi's Book Shop.
 37717 | Orc:2    | Found Efeoloott's General Store.
 37943 | Orc:2    | Noticed an orc warlord
 38427 | Orc:1    | Killed an orc warlord
 38690 | Orc:1    | Gained mutation: You are partially covered in thin metallic
                  | scales. (AC +2) [potion of mutation]
 38690 | Orc:1    | Gained mutation: Your flesh is cold resistant. (rC+)
                  | [potion of mutation]
 38690 | Orc:1    | Gained mutation: You are partially covered in slimy green
                  | scales. (AC +2) [potion of mutation]
 38690 | Orc:1    | Gained mutation: You have a pair of small horns on your
                  | head. [potion of mutation]
 38693 | Orc:2    | Noticed Rupert
 38696 | Orc:1    | HP: 3/66 [Rupert/+2 great mace of draining (9)]
 38887 | Orc:1    | Slain by Rupert
 38888 | Orc:1    | Reached XP level 13. HP: -3/62 MP: 8/31
 38925 | Orc:1    | Killed from afar by a soul eater
 38926 | Orc:1    | Reached XP level 12. HP: -2/58 MP: 3/30
 38926 | Orc:1    | Quit the game

Levels and vault maps discovered:
D:1:      lightli_arrival_statue_moat, layout_basic, tso_altar
D:2:      layout_basic
D:3:      layout_basic, first_ration
D:4:      layout_gridville, led_xom_imps, nicolae_ossuary_entry_monument
D:5:      layout_rooms
D:6:      layout_rooms
D:7:      layout_rooms, minmay_temple_entry_poolview, grunt_livestock
D:8:      layout_gridville, grunt_potential
D:9:      layout_irregular_city, trog_eyes_of_draining,
          grunt_temple_overflow_open, dpeg_oklobed_lair, serial_shops,
          nicolae_shop_behind_doors, grunt_ministairs_14
D:10:     layout_small_grid, gammafunk_ghost_abyssal_escape, grunt_tough_drop
D:11:     layout_stronghold, david_orc_4, lemuel_altar_in_water, uniq_sonja,
          uniq_snorg
Temple:   nicolae_temple_x_marks_the_god
Lair:1:   layout_hall_layers, ebering_ghost_reflecting_pool
Lair:2:   lemuel_ratsnest, layout_gridlike, basic_altar, serial_bayou_shore_b,
          grunt_megastairs_4
Lair:3:   beast_lair_carwin_large_2, layout_cave_pods
Lair:4:   layout_regular_city, minmay_shoals_entry_hut,
          spider_nest_entry_rubble, st_stairs_4, minmay_lair_oklob_chamber
Lair:5:   layout_regular_city, infiniplex_staircase_pool, serial_bayou_shore_b
Lair:6:   evilmike_catoblepas_cave, layout_gridlike, minmay_slime_entry_pillars,
          serial_forest, infiniplex_forest_lined_room_2,
          infiniplex_forest_straight_3, infiniplex_forest_zigzag_2,
          infiniplex_forest_straight_2, infiniplex_forest_end_1,
          enter_volcano_2, lemuel_fruit_tree
Orc:1:    layout_caves, nicolae_orc_flooded_monolith
Orc:2:    grunt_orc_gardens, layout_diamond_mine, grunt_orc_garden,
          grunt_orc_garden, grunt_orc_garden, grunt_orc_garden, uniq_rupert

Skill      XL: |  1  2  3  4  5  6  7  8  9 10 11 12 13 14 |
---------------+-------------------------------------------+-----
Conjurations   | 1 2 3 4 5 6 7 8 |  8.0
Air Magic      | 3 4 5 6 8 9 10 11 12 13 | 13.4
Fighting       | 1 2 3 4 5 6 7 8 9 10 | 10.3
Spellcasting   | 3 4 5 6 8 9 10 11 12 13 | 13.3
Dodging        | 5 7 9 10 | 10.6
Poison Magic   | 2 3 |  3.0
Stealth        | |  2.6

Action                   |  1- 3 |  4- 6 |  7- 9 | 10-12 | 13-15 || total
-------------------------+-------+-------+-------+-------+-------++-------
Melee: Unarmed           |    35 |     2 |    11 |       |    91 ||   139
       Bite              |     3 |     1 |     1 |       |    16 ||    21
 Cast: Shock             |   100 |   128 |    59 |    26 |    33 ||   346
       Airstrike         |       |     6 |   125 |   417 |   394 ||   942
       Lightning Bolt    |       |       |       |     3 |    26 ||    29
       Irradiate         |       |       |       |       |    14 ||    14
Evoke: Wand              |       |       |     6 |     5 |    10 ||    21
  Use: Scroll            |       |     1 |    19 |     8 |     5 ||    33
       Potion            |       |       |     1 |       |     2 ||     3
  Eat: Chunk             |    11 |     7 |    29 |    50 |    33 ||   130
Armor: Skin              |     3 |       |     2 |     1 |     1 ||     7
Dodge: Dodged            |    47 |    19 |    51 |    57 |   166 ||   340

Table legend:
 A = Non-vault XP
 B = Vault XP
 C = Vault XP percentage of total XP
 D = Non-vault monster count
 E = Vault monster count
 F = Vault count percentage of total count
                 A         B        C        D         E       F
            +---------+---------+-------+---------+---------+-------
      Total |   57420 |   28450 |  33.1 |     423 |     139 |  24.7
            +---------+---------+-------+---------+---------+-------
        D:1 |      58 |       0 |   0.0 |      27 |       0 |   0.0
        D:2 |     182 |       0 |   0.0 |      28 |       0 |   0.0
        D:3 |      76 |       0 |   0.0 |      20 |       0 |   0.0
        D:4 |     511 |     196 |  27.7 |      14 |       4 |  22.2
        D:5 |     756 |       0 |   0.0 |      23 |       0 |   0.0
        D:6 |     756 |       0 |   0.0 |      16 |       0 |   0.0
        D:7 |    1122 |     984 |  46.7 |      16 |       5 |  23.8
        D:8 |     748 |     598 |  44.4 |      22 |       7 |  24.1
        D:9 |     833 |     717 |  46.3 |       8 |       5 |  38.5
       D:10 |    1447 |       0 |   0.0 |      12 |       0 |   0.0
       D:11 |    5149 |    2603 |  33.6 |      33 |      17 |  34.0
     Lair:1 |    3028 |     153 |   4.8 |      11 |       1 |   8.3
     Lair:2 |    4569 |     617 |  11.9 |      18 |      39 |  68.4
     Lair:3 |    3781 |    2018 |  34.8 |      15 |       7 |  31.8
     Lair:4 |    9902 |    2105 |  17.5 |      33 |       5 |  13.2
     Lair:5 |    7438 |       0 |   0.0 |      18 |       0 |   0.0
     Lair:6 |   12521 |   11824 |  48.6 |      43 |      27 |  38.6
      Orc:1 |    2676 |    4234 |  61.3 |      43 |       9 |  17.3
      Orc:2 |    1867 |    2401 |  56.3 |      23 |      13 |  36.1
            +---------+---------+-------+---------+---------+-------
